TOP OF THE 1ST |
Syracuse Chiefs batting - Pitching for Louisville Stallions : RHP Al Gallegos
|
Pitching: RHP Al Gallegos
|
|
Batting: LHB Darryl Strawberry
|
0-0: Called Strike 0-1: Bunt for hit to 15 - play at first, batter OUT! 1-3
|
Batting: RHB Phil Garner
|
0-0: Ball 1-0: Ball 2-0: Ball 3-0: Base on Balls
|
Batting: RHB Jim G Wilson
|
0-0: DOUBLE (Line Drive, 9LM, EV 90.6 MPH) Phil Garner to third Runner from 3rd tries for Home, SAFE, throw by RF to trailing runner, SAFE at third!
|
Batting: LHB Wayne Gross
|
0-0: Foul Ball, location: 2F 0-1: Ground out 4-3 (Groundball, 4D, EV 106.9 MPH) Jim G Wilson scores
|
Batting: RHB Bobby Grich
|
0-0: Foul Ball, location: 2F 0-1: Foul Ball, location: 2F 0-2: Ball 1-2: DOUBLE (Line Drive, 78D, EV 106.3 MPH)
|
Batting: LHB Eddie Milner
|
0-0: Reached on error, E5 (Groundball, 5L, EV 93.1 MPH) Bobby Grich to third
|
Batting: LHB Danny Goodwin
|
0-0: Called Strike 0-1: Ball 1-1: Ball 2-1: Ball 3-1: Base on Balls Eddie Milner to second
|
Batting: RHB Brian Asselstine
|
0-0: Called Strike 0-1: Ball 1-1: Ball 2-1: Ground out 5-3 (Groundball, 56S, EV 84.4 MPH)
|
Top of the 1st over - 2 runs, 2 hits, 1 error, 3 left on base; Syracuse 2 - Louisville 0 |
BOTTOM OF THE 1ST |
Louisville Stallions batting - Pitching for Syracuse Chiefs : RHP Ramon Mendoza
|
Pitching: RHP Ramon Mendoza
|
|
Batting: SHB Harry Chappas
|
0-0: Ball 1-0: Fly out, F6 (Line Drive, 6, EV 68.1 MPH)
|
Batting: LHB Steven Mobberley
|
0-0: Ball 1-0: Called Strike 1-1: Ground out 4-3 (Groundball, 4M, EV 101.9 MPH)
|
Batting: SHB Reggie Smith
|
0-0: Called Strike 0-1: Fly out, F9 (Line Drive, 9D, EV 110.6 MPH)
|
Bottom of the 1st over - 0 runs, 0 hits, 0 errors, 0 left on base; Syracuse 2 - Louisville 0 |
TOP OF THE 2ND |
Syracuse Chiefs batting - Pitching for Louisville Stallions : RHP Al Gallegos
|
Batting: LHB Jon Jimenez
|
0-0: Fly out, F5 (Line Drive, 5, EV 75.6 MPH)
|
Batting: LHB Darryl Strawberry
|
0-0: Ball 1-0: DOUBLE (Flyball, 78XD, EV 95.6 MPH)
|
Batting: RHB Phil Garner
|
0-0: Called Strike 0-1: Ball 1-1: Swinging Strike 1-2: Ball 2-2: Foul Ball, location: 2F 2-2: Ground out 5-3 (Groundball, 56, EV 106.3 MPH)
|
Batting: RHB Jim G Wilson
|
0-0: Foul Ball, location: 2F 0-1: Ground out 6-3 (Groundball, 56, EV 83.8 MPH)
|
Top of the 2nd over - 0 runs, 1 hit, 0 errors, 1 left on base; Syracuse 2 - Louisville 0 |
BOTTOM OF THE 2ND |
Louisville Stallions batting - Pitching for Syracuse Chiefs : RHP Ramon Mendoza
|
Batting: SHB Orestes Destrade
|
0-0: Foul Ball, location: 2F 0-1: Called Strike 0-2: Ball 1-2: Ball 2-2: Ball 3-2: Base on Balls
|
Batting: LHB Ted May
|
0-0: Called Strike 0-1: Swinging Strike 0-2: Ball 1-2: Strikes out swinging
|
Batting: RHB Kelly Heath
|
0-0: Ball 1-0: Fly out, F6 (Popup, P, EV 75.6 MPH)
|
Batting: LHB John Tucker
|
0-0: Called Strike Orestes Destrade steals 2nd base 0-1: Called Strike 0-2: Ball 1-2: Foul Ball, location: 2F 1-2: Ball 2-2: Foul Ball, location: 2F 2-2: Ball 3-2: SINGLE (Line Drive, 8RS, EV 105.6 MPH) Orestes Destrade to third Orestes Destrade scores
|
Batting: RHB Gordy Hodgson
|
0-0: Foul Ball, location: 2F 0-1: Ball 1-1: Ball 2-1: Ground out 6-3 (Groundball, 6M, EV 101.3 MPH)
|
Bottom of the 2nd over - 1 run, 1 hit, 0 errors, 1 left on base; Syracuse 2 - Louisville 1 |
TOP OF THE 3RD |
Syracuse Chiefs batting - Pitching for Louisville Stallions : RHP Al Gallegos
|
Batting: LHB Wayne Gross
|
0-0: Swinging Strike 0-1: Swinging Strike 0-2: Ball 1-2: Ball 2-2: Fly out, F5 (Line Drive, 5, EV 65.6 MPH)
|
Batting: RHB Bobby Grich
|
0-0: Ball 1-0: Ball 2-0: Ball 3-0: Called Strike 3-1: Foul Ball, location: 2F 3-2: Foul Ball, location: 2F 3-2: Base on Balls
|
Batting: LHB Eddie Milner
|
0-0: Fielders Choice at 2nd, 1-6 (Groundball, 34S, EV 61.3 MPH)
|
Batting: LHB Danny Goodwin
|
0-0: Called Strike 0-1: Foul Ball, location: 2F 0-2: Hit by Pitch Eddie Milner to second
|
Batting: RHB Brian Asselstine
|
0-0: Called Strike 0-1: Foul Ball, location: 2F 0-2: Strikes out swinging
|
Top of the 3rd over - 0 runs, 0 hits, 0 errors, 2 left on base; Syracuse 2 - Louisville 1 |
BOTTOM OF THE 3RD |
Louisville Stallions batting - Pitching for Syracuse Chiefs : RHP Ramon Mendoza
|
Batting: RHB Kiko Garcia
|
0-0: SINGLE (Line Drive, 7LS, EV 94.4 MPH)
|
Batting: SHB Harry Chappas
|
0-0: Called Strike 0-1: Ball 1-1: Ball 2-1: Called Strike Kiko Garcia steals 2nd base 2-2: Hit by Pitch
|
Batting: LHB Steven Mobberley
|
0-0: Ball 1-0: Foul Ball, location: 2F 1-1: SINGLE (Groundball, 4MD, EV 94.4 MPH) Kiko Garcia to third Harry Chappas to second
|
Batting: SHB Reggie Smith
|
0-0: Called Strike 0-1: Grounds into double play, 4-6-3 (Groundball, 4, EV 77.5 MPH) Kiko Garcia scores Harry Chappas to third
|
Batting: SHB Orestes Destrade
|
0-0: Swinging Strike 0-1: Ball 1-1: Foul Ball, location: 2F 1-2: Ball 2-2: Ball 3-2: Base on Balls
|
Batting: LHB Ted May
|
0-0: Called Strike 0-1: Foul Ball, location: 2F 0-2: Ball 1-2: Hit by Pitch Orestes Destrade to second
|
Batting: RHB Kelly Heath
|
0-0: Ball 1-0: Foul Ball, location: 2F 1-1: Swinging Strike 1-2: Ball 2-2: Strikes out swinging
|
Bottom of the 3rd over - 1 run, 2 hits, 0 errors, 3 left on base; Syracuse 2 - Louisville 2 |
TOP OF THE 4TH |
Syracuse Chiefs batting - Pitching for Louisville Stallions : RHP Al Gallegos
|
Batting: LHB Jon Jimenez
|
0-0: Ball 1-0: Ball 2-0: SINGLE (Line Drive, 56D, EV 105.0 MPH)
|
Batting: LHB Darryl Strawberry
|
0-0: Called Strike 0-1: Ball 1-1: Foul Ball, location: 2F 1-2: Strikes out swinging
|
Batting: RHB Phil Garner
|
0-0: Ball 1-0: Called Strike 1-1: Foul Ball, location: 2F 1-2: Strikes out swinging
|
Batting: RHB Jim G Wilson
|
0-0: Ball 1-0: Ball 2-0: Ball 3-0: Base on Balls Jon Jimenez to second
|
Batting: LHB Wayne Gross
|
0-0: Fly out, F9 (Line Drive, 9, EV 90.6 MPH)
|
Top of the 4th over - 0 runs, 1 hit, 0 errors, 2 left on base; Syracuse 2 - Louisville 2 |
BOTTOM OF THE 4TH |
Louisville Stallions batting - Pitching for Syracuse Chiefs : RHP Ramon Mendoza
|
Batting: LHB John Tucker
|
0-0: Called Strike 0-1: Foul Ball, location: 2F 0-2: Ball 1-2: Ball 2-2: Foul Ball, location: 2F 2-2: Ball 3-2: Fly out, F9 (Flyball, 9, EV 96.9 MPH)
|
Batting: RHB Gordy Hodgson
|
0-0: Ball 1-0: Ball 2-0: Called Strike 2-1: Ground out 5-3 (Groundball, 56S, EV 84.4 MPH)
|
Batting: RHB Kiko Garcia
|
0-0: Ball 1-0: Foul Ball, location: 2F 1-1: Foul Ball, location: 2F 1-2: Ball 2-2: Ground out 4-3 (Groundball, 4MS, EV 85.0 MPH)
|
Bottom of the 4th over - 0 runs, 0 hits, 0 errors, 0 left on base; Syracuse 2 - Louisville 2 |
TOP OF THE 5TH |
Syracuse Chiefs batting - Pitching for Louisville Stallions : RHP Al Gallegos
|
Batting: RHB Bobby Grich
|
0-0: Ball 1-0: SINGLE (Groundball, 56D, EV 106.9 MPH)
|
Batting: LHB Eddie Milner
|
0-0: Bunted foul 0-1: Sac Bunt to 15 - play at first, batter safe! Bobby Grich to second
|
Batting: LHB Danny Goodwin
|
0-0: Called Strike 0-1: Ball 1-1: Grounds into double play, 4-6-3 (Groundball, 4MD, EV 104.4 MPH) Bobby Grich to third
|
Batting: RHB Brian Asselstine
|
0-0: Ball 1-0: Ball 2-0: DOUBLE (Line Drive, 7LS, EV 105.6 MPH) Bobby Grich scores
|
Batting: LHB Jon Jimenez
|
0-0: Called Strike 0-1: Called Strike 0-2: Ball 1-2: Ball 2-2: Strikes out looking
|
Top of the 5th over - 1 run, 3 hits, 0 errors, 1 left on base; Syracuse 3 - Louisville 2 |
BOTTOM OF THE 5TH |
Louisville Stallions batting - Pitching for Syracuse Chiefs : RHP Ramon Mendoza
|
Batting: SHB Harry Chappas
|
0-0: Ball 1-0: Ball 2-0: Called Strike 2-1: Foul Ball, location: 2F 2-2: Strikes out swinging
|
Batting: LHB Steven Mobberley
|
0-0: Foul Ball, location: 2F 0-1: Ground out 6-3 (Groundball, 6, EV 88.1 MPH)
|
Batting: SHB Reggie Smith
|
0-0: Ball 1-0: SOLO HOME RUN (Line Drive, 89XD, EV 101.9 MPH), Distance : 430 ft
|
Batting: SHB Orestes Destrade
|
0-0: Called Strike 0-1: Ball 1-1: Ball 2-1: Foul Ball, location: 2F 2-2: Ball 3-2: Foul Ball, location: 2F 3-2: Ground out 1-3 (Groundball, 34S, EV 61.9 MPH)
|
Bottom of the 5th over - 1 run, 1 hit, 0 errors, 0 left on base; Syracuse 3 - Louisville 3 |
TOP OF THE 6TH |
Syracuse Chiefs batting - Pitching for Louisville Stallions : RHP Al Gallegos
|
Batting: LHB Darryl Strawberry
|
0-0: Ball 1-0: Ball 2-0: Foul Ball, location: 2F 2-1: Foul Ball, location: 2F 2-2: Ground out 1-3 (Groundball, 34S, EV 74.4 MPH)
|
Batting: RHB Phil Garner
|
0-0: Called Strike 0-1: Ball 1-1: Fly out, F8 (Flyball, 8LS, EV 83.1 MPH)
|
Batting: RHB Jim G Wilson
|
0-0: Ball 1-0: Ball 2-0: Foul Ball, location: 2F 2-1: Fly out, F8 (Line Drive, 8LD, EV 92.5 MPH)
|
Top of the 6th over - 0 runs, 0 hits, 0 errors, 0 left on base; Syracuse 3 - Louisville 3 |
BOTTOM OF THE 6TH |
Louisville Stallions batting - Pitching for Syracuse Chiefs : RHP Ramon Mendoza
|
Batting: LHB Ted May
|
0-0: Foul Ball, location: 2F 0-1: Ball 1-1: Ball 2-1: Ball 3-1: Base on Balls
|
Batting: RHB Kelly Heath
|
0-0: Bunt missed! 0-1: Bunted foul 0-2: Ball 1-2: Ball 2-2: Strikes out swinging
|
Batting: LHB John Tucker
|
0-0: Called Strike 0-1: Ball 1-1: Fly out, F4 (Line Drive, 4, EV 66.3 MPH)
|
Batting: RHB Gordy Hodgson
|
0-0: Called Strike 0-1: Ball 1-1: Ball 2-1: Ball 3-1: Base on Balls Ted May to second
|
Batting: RHB Kiko Garcia
|
0-0: Called Strike 0-1: Foul Ball, location: 2F 0-2: Ball 1-2: Ball 2-2: Ball 3-2: Foul Ball, location: 2F 3-2: Strikes out swinging
|
Bottom of the 6th over - 0 runs, 0 hits, 0 errors, 2 left on base; Syracuse 3 - Louisville 3 |
TOP OF THE 7TH |
Syracuse Chiefs batting - Pitching for Louisville Stallions : RHP Al Gallegos
|
Batting: LHB Wayne Gross
|
0-0: Fly out, F8 (Flyball, 8LM, EV 94.4 MPH)
|
Batting: RHB Bobby Grich
|
0-0: Ball 1-0: Reached on error, E6 (Groundball, 6, EV 87.5 MPH)
|
Batting: LHB Eddie Milner
|
0-0: Intentional Walk
|
Pinch Runner at 2nd LaRue Washington:
|
|
Batting: LHB Danny Goodwin
|
0-0: Called Strike LaRue Washington steals 3rd base (no throw) Eddie Milner to second 0-1: Foul Ball, location: 2F 0-2: Ball 1-2: DOUBLE (Line Drive, 89XD, EV 103.1 MPH) LaRue Washington scores Eddie Milner scores
|
Pitching: LHP Jose Martinez
|
|
Batting: RHB Brian Asselstine
|
0-0: Ball 1-0: Ball 2-0: Ball 3-0: Base on Balls
|
Batting: LHB Jon Jimenez
|
0-0: Called Strike 0-1: SINGLE (Line Drive, 7LS, EV 91.9 MPH) Danny Goodwin to third Brian Asselstine to second Runner from 3rd tries for Home, SAFE, throw by LF to home
|
Batting: LHB Darryl Strawberry
|
0-0: Called Strike 0-1: SINGLE (Flyball, 56D, EV 85.0 MPH) Brian Asselstine to third Jon Jimenez to second
|
Batting: RHB Phil Garner
|
0-0: Ball 1-0: Called Strike 1-1: Foul Ball, location: 2F 1-2: Strikes out swinging
|
Batting: RHB Jim G Wilson
|
0-0: Swinging Strike 0-1: Ball 1-1: Ball 2-1: Ball 3-1: Foul Ball, location: 2F 3-2: Foul Ball, location: 2F 3-2: SINGLE (Line Drive, 9S, EV 111.9 MPH) Brian Asselstine scores Jon Jimenez to third Darryl Strawberry to second Jon Jimenez scores Darryl Strawberry to third
|
Batting: LHB Wayne Gross
|
0-0: Ball 1-0: Foul Ball, location: 2F 1-1: Foul Ball, location: 2F 1-2: Fly out, F2 (Popup, 25F, EV 86.3 MPH)
|
Top of the 7th over - 5 runs, 4 hits, 1 error, 2 left on base; Syracuse 8 - Louisville 3 |
BOTTOM OF THE 7TH |
Louisville Stallions batting - Pitching for Syracuse Chiefs : RHP Ramon Mendoza
|
Now at 2B: Jeff Doyle
|
|
Batting: SHB Harry Chappas
|
0-0: Called Strike 0-1: Foul Ball, location: 2F 0-2: SINGLE (Groundball, 34D, EV 98.1 MPH)
|
Batting: LHB Steven Mobberley
|
0-0: Ball 1-0: Ball 2-0: Ball 3-0: Called Strike 3-1: SINGLE (Groundball, 34D, EV 96.9 MPH) Harry Chappas to second Runner from 2nd tries for 3rd, SAFE, no throw by RF
|
Batting: SHB Reggie Smith
|
0-0: DOUBLE (Line Drive, 89M, EV 89.4 MPH) Harry Chappas scores Steven Mobberley to third Runner from 3rd tries for Home, SAFE, throw by RF to home
|
Pitching: LHP Ray Newman
|
|
Batting: SHB Orestes Destrade
|
0-0: Fly out, F8 (Flyball, 8RM, EV 91.9 MPH) Runner from 2nd tags up, SAFE at 3rd with throw by CF
|
Batting: LHB Ted May
|
0-0: Swinging Strike 0-1: Ball 1-1: Foul Ball, location: 2F 1-2: Ball 2-2: Strikes out swinging
|
Batting: RHB Kelly Heath
|
0-0: Fly out, F9 (Flyball, 9LD, EV 101.3 MPH)
|
Bottom of the 7th over - 2 runs, 3 hits, 0 errors, 1 left on base; Syracuse 8 - Louisville 5 |
TOP OF THE 8TH |
Syracuse Chiefs batting - Pitching for Louisville Stallions : LHP Jose Martinez
|
Batting: SHB Jeff Doyle
|
0-0: Ball 1-0: Ball 2-0: Ball 3-0: Base on Balls
|
Batting: LHB Eddie Milner
|
0-0: Sac Bunt to 15 - play at first, batter OUT! 1-3 Jeff Doyle to second
|
Batting: LHB Danny Goodwin
|
0-0: Ball 1-0: Ball 2-0: Ground out 4-3 (Groundball, 4, EV 88.8 MPH) Jeff Doyle to third
|
Batting: RHB Brian Asselstine
|
0-0: Called Strike 0-1: Ball 1-1: Called Strike 1-2: Foul Ball, location: 2F 1-2: Ball 2-2: DOUBLE (Line Drive, 78D, EV 111.3 MPH) Jeff Doyle scores
|
Pitching: RHP Al Lachowicz
|
|
Batting: LHB Jon Jimenez
|
0-0: Called Strike 0-1: Foul Ball, location: 2F 0-2: Ball 1-2: Ball 2-2: Ground out 4-3 (Groundball, 34, EV 83.8 MPH)
|
Top of the 8th over - 1 run, 1 hit, 0 errors, 1 left on base; Syracuse 9 - Louisville 5 |
BOTTOM OF THE 8TH |
Louisville Stallions batting - Pitching for Syracuse Chiefs : LHP Ray Newman
|
Batting: LHB John Tucker
|
0-0: Ball 1-0: Fly out, F7 (Flyball, 78D, EV 95.0 MPH)
|
Batting: RHB Gordy Hodgson
|
0-0: Called Strike 0-1: Called Strike 0-2: Foul Ball, location: 2F 0-2: Ball 1-2: Strikes out swinging
|
Batting: RHB Kiko Garcia
|
0-0: Ball 1-0: Foul Ball, location: 2F 1-1: Called Strike 1-2: Strikes out swinging
|
Bottom of the 8th over - 0 runs, 0 hits, 0 errors, 0 left on base; Syracuse 9 - Louisville 5 |
TOP OF THE 9TH |
Syracuse Chiefs batting - Pitching for Louisville Stallions : RHP Al Lachowicz
|
Batting: LHB Darryl Strawberry
|
0-0: Ball 1-0: Foul Ball, location: 2F 1-1: Ball 2-1: Called Strike 2-2: Foul Ball, location: 2F 2-2: Ball 3-2: Foul Ball, location: 2F 3-2: Strikes out swinging
|
Batting: RHB Phil Garner
|
0-0: Called Strike 0-1: Swinging Strike 0-2: Ball 1-2: Foul Ball, location: 2F 1-2: Strikes out looking
|
Batting: RHB Jim G Wilson
|
0-0: DOUBLE (Flyball, 78XD, EV 106.3 MPH)
|
Batting: LHB Wayne Gross
|
0-0: Called Strike 0-1: Ball 1-1: Ball 2-1: Ball 3-1: Fly out, F9 (Line Drive, 9D, EV 98.1 MPH)
|
Top of the 9th over - 0 runs, 1 hit, 0 errors, 1 left on base; Syracuse 9 - Louisville 5 |
BOTTOM OF THE 9TH |
Louisville Stallions batting - Pitching for Syracuse Chiefs : LHP Ray Newman
|
Pitching: RHP Mel Stottlemyre Sr
|
|
Batting: SHB Harry Chappas
|
0-0: Ball 1-0: Ball 2-0: Called Strike 2-1: Foul Ball, location: 2F 2-2: Foul Ball, location: 2F 2-2: Ground out 6-3 (Groundball, 6M, EV 109.4 MPH)
|
Batting: LHB Steven Mobberley
|
0-0: Ball 1-0: Swinging Strike 1-1: Ball 2-1: Swinging Strike 2-2: Fly out, F2 (Popup, 2RF, EV 92.5 MPH)
|
Batting: SHB Reggie Smith
|
0-0: Called Strike 0-1: Called Strike 0-2: Ball 1-2: Foul Ball, location: 2F 1-2: SINGLE (Line Drive, 8LS, EV 111.9 MPH)
|
Batting: SHB Orestes Destrade
|
0-0: Ball 1-0: Foul Ball, location: 2F 1-1: Called Strike 1-2: Strikes out swinging
|
Bottom of the 9th over - 0 runs, 1 hit, 0 errors, 1 left on base; Syracuse 9 - Louisville 5 |
|